 Dungeon Crawl Stone Soup version 0.28.0-62-gf88900778d (webtiles) character file.

Game seed: 10604551473940541418

321 cbfl8 the Covered (level 6, 0/52 HPs)
             Began as a Minotaur Fighter on July 7, 2023.
             Splashed by a jelly's acid (8 damage)
             ... on level 4 of the Dungeon.
             The game lasted 00:02:06 (2893 turns).

cbfl8 the Covered (Minotaur Fighter)                Turns: 2893, Time: 00:02:08

Health: 0/52       AC:  1    Str: 21    XL:     6   Next: 22%
Magic:  5/5        EV:  7    Int:  5    God:
Gold:   114        SH:  4    Dex: 11    Spells: 5/5 levels left

rFire   . . .      SeeInvis .   a - +0 war axe
rCold   . . .      Faith    +   c - +0 buckler
rNeg    . . .      Spirit   .   m - +0 chain mail
rPois   .          Reflect  .   (helmet restricted)
rElec   .          Harm     .   (no cloak)
rCorr   .          Rampage  .   (no gloves)
Will    .....                   (no boots)
Stlth   ..........              g - amulet of faith
HPRegen 0.17/turn               k - +4 ring of protection
MPRegen 0.09/turn               (no ring)

@: corroded
A: horns 2, retaliatory headbutt
a: no special abilities


You were on level 4 of the Dungeon.
You visited 1 branch of the dungeon, and saw 4 of its levels.

You collected 114 gold pieces.

Inventory:

Hand Weapons
 a - a +0 war axe (weapon)
Armour
 c - a +0 buckler (worn)
 m - a +0 chain mail (worn)
 p - a +0 cloak
Jewellery
 g - an amulet of faith (around neck)
 k - a +4 ring of protection (left hand)
Scrolls
 h - a scroll of identify {unknown}
 l - 2 scrolls of amnesia {unknown}
 n - a scroll of teleportation {unknown}
 o - a scroll of noise {unknown}
Potions
 b - a potion of curing {unknown}
 d - a potion of might
 e - 2 potions of cancellation {unknown}
 f - a potion of flight {unknown}
 i - a potion of heal wounds {unknown}
 j - 2 potions of mutation {unknown}


   Skills:
 + Level 4.3 Fighting
 + Level 4.8 Axes
 + Level 5.4 Armour
 + Level 1.0 Dodging
 + Level 4.0 Shields
 * Level 2.3 Evocations


You had 5 spell levels left.
You didn't know any spells.
Your spell library contained the following spells:

 Spells                   Type           Power      Damage    Failure   Level
 Magic Dart               Conj           0%         1d3       99%         1
 Searing Ray              Conj           0%         2d4       100%        2
 Fulminant Prism          Conj/Hex       0%         3d6       100%        4


Dungeon Overview and Level Annotations

Branches:
Dungeon (4/15)
 Temple: D:4-7

Altars:
Kikubaaqudgha

Shops:
D:1 [   D:3 *


Innate Abilities, Weirdness & Mutations

You have a pair of horns on your head.
You reflexively headbutt those who attack you in melee.


Message History

You slash the ball python!
You kill the ball python!
Found 17 arrows.
No target in view!
Found an ancient bone altar of Kikubaaqudgha.
You see here a ball python corpse.
No target in view!
Found a cloak.
No target in view!
Key pressed, stopping explore.
No target in view!
You see here 17 arrows.
A jelly comes into view.
The jelly moves out of view.
No target in view!
No target in view!
You see here a +0 cloak.
p - a +0 cloak You slash the jelly!
Your hands burn!
Your headbutt misses the jelly.
The jelly is almost dead.
The jelly hits you. The acid corrodes you!
You are splashed with acid!
The jelly hits you. The acid corrodes you!
You are splashed with acid!
You hit the jelly but do no damage. The acid corrodes you!
Your hands burn!
You headbutt the jelly, but do no damage.
The jelly is almost dead.
The jelly hits you. The acid corrodes you!
You are splashed with acid!
* * * LOW HITPOINT WARNING * * *
You are too injured to fight recklessly!
You are too injured to fight recklessly!
You hit the jelly.
Your hands burn!
* * * LOW HITPOINT WARNING * * *
The jelly is almost dead.
The jelly hits you but does no damage.
You hit the jelly but do no damage.
Your hands burn!
* * * LOW HITPOINT WARNING * * *
The jelly is almost dead.
The jelly hits you.
* * * LOW HITPOINT WARNING * * *
You are splashed with acid!
You die...

# #.# # #### ##.# .##
...####..# ..# .
........## ... ..
#...)...## #######.#..#
#........# ##.(...$...##
.........###...♣♣.♣♣...#
..........#..♣..♣J♣..♣..#
......##..†..♣♣.@...♣ #
....#####........_......#
..### ###..♣♣.....♣♣...
.## #..♣..♣.♣..♣ .. ##
##...♣♣.♣♣... # ##......
.... ...#### ..... #..##
.... .#


You could see a jelly.

Vanquished Creatures
  An ogre (D:4)
  A scorpion (D:4)
  A hound skeleton (D:4)
  4 adders
  4 gnolls
  A white imp (D:4)
  4 dart slugs
  8 orcs (D:3)
  5 bats
  4 endoplasms
  5 giant cockroaches
  5 goblins
  6 hobgoblins
  3 jackals (D:1)
  5 kobolds
  A quokka (D:1)
  3 ball pythons
  4 frilled lizards
  4 rats
69 creatures vanquished.

Vanquished Creatures (others)
  2 plants (D:1)
2 creatures vanquished.

Grand Total: 71 creatures vanquished

Notes
Turn   | Place    | Note
-------+----------+-------------------------------------------
     0 | D:1      | cbfl8 the Minotaur Fighter began the quest for the Orb.
     0 | D:1      | Reached XP level 1. HP: 19/19 MP: 0/0
    84 | D:1      | Reached XP level 2. HP: 24/27 MP: 1/1
   388 | D:1      | Found Ibo Tokyuli's Antique Armour Emporium.
   432 | D:1      | Reached skill level 1 in Evocations
   951 | D:2      | Reached skill level 4 in Armour
  1011 | D:2      | Reached XP level 3. HP: 31/33 MP: 2/2
  1457 | D:3      | Reached XP level 4. HP: 40/40 MP: 3/3
  1993 | D:3      | Reached XP level 5. HP: 39/46 MP: 4/4
  2130 | D:3      | Found Jyibergheadgh's General Store.
  2491 | D:4      | Noticed an ogre
  2495 | D:4      | Reached skill level 5 in Armour
  2495 | D:4      | Reached skill level 1 in Dodging
  2499 | D:4      | Killed an ogre
  2500 | D:4      | Reached XP level 6. HP: 23/52 MP: 5/5
  2875 | D:4      | Found an ancient bone altar of Kikubaaqudgha.
  2893 | D:4      | Splashed by a jelly's acid

Illustrated notes

Levels and vault maps discovered:
D:1:      lightli_arrival_lavapool, layout_basic, serial_forest,
          infiniplex_forest_straight_1, infiniplex_forest_lined_3,
          infiniplex_forest_clump_curved, infiniplex_forest_clump_long,
          serial_shops, shop_fountains
D:2:      layout_rooms, hex_medium
D:3:      layout_rooms, serial_shops, shop
D:4:      layout_layer_cave, mainiacjoe_overflow_small_starburst

Skill      XL: |  1  2  3  4  5 |
---------------+----------------+-----
Evocations     | 1 2 |  2.3
Armour         | 4 5 |  5.4
Axes           | 3 4 |  4.8
Fighting       | 4 |  4.3
Dodging        | 1 |  1.0
Shields        | 4 |  4.0

Action                   |  1- 3 |  4- 6 || total
-------------------------+-------+-------++-------
Melee: War axe           |    77 |    61 ||   138
       Headbutt          |     6 |    12 ||    18
  Use: Potion            |       |     1 ||     1
Armor: Scale mail        |    66 |    24 ||    90
       Chain mail        |       |     8 ||     8
Dodge: Dodged            |    41 |    28 ||    69
Block: Buckler           |    19 |    26 ||    45
